 Dungeon Crawl Stone Soup version 0.19.0 (webtiles) character file.

82 AlphabetPasta the Vexing (level 4, -5/26 HPs)
             Began as a Gargoyle Arcane Marksman on Nov 12, 2016.
             Was an Initiate of Ashenzari.
             Slain by a gnoll
             ... wielding a +0 spear
              (9 damage)
             ... on level 2 of the Dungeon.
             The game lasted 00:07:41 (1542 turns).

AlphabetPasta the Vexing (Gargoyle Arcane Marksman) Turns: 1542, Time: 00:07:42

Health: -5/26      AC:  5    Str: 14    XL:     4   Next: 43%
Magic:  5/5        EV: 12    Int: 14    God:    Ashenzari [......]
Gold:   84         SH:  0    Dex: 10    Spells: 2 memorised, 2 levels left

rFire  . . .     SeeInvis .     b - +0 hand crossbow
rCold  . . .     Gourm    .     e - +0 robe
rNeg   + . .     Faith    .     (no shield)
rPois  ∞         Spirit   .     (no helmet)
rElec  +         Reflect  .     (no cloak)
rCorr  .         Harm     .     (no gloves)
MR     .....                    (no boots)
Stlth  ++........               (no amulet)
                                (no ring)
                                (no ring)

@: no status effects
A: negative energy resistance 1, electricity resistance, unbreathing,
petrification resistance, rot immunity, AC +3
a: Curse Item, Renounce Religion


You were on level 2 of the Dungeon.
You worshipped Ashenzari.
Ashenzari was noncommittal.
You were not hungry.

You visited 1 branch of the dungeon, and saw 2 of its levels.

You collected 84 gold pieces.

Inventory:

Hand Weapons
 a - a +0 dagger
 b - a +0 hand crossbow (weapon)
Missiles
 d - 4 bolts (quivered)
Armour
 e - a +0 robe (worn)
Scrolls
 i - a scroll of identify
Books
 c - a book of Debilitation

   Spells                             Type                      Level
   a - Corona                         Hexes                        1
   b - Slow                           Hexes                        2
   c - Gell's Gravitas                Hexes/Translocation          3
   d - Inner Flame                    Hexes/Fire                   3
   e - Cause Fear                     Hexes                        4
   f - Leda's Liquefaction            Hexes/Earth                  4
Comestibles
 f - 3 bread rations
 g - a meat ration


   Skills:
 + Level 1.8 Fighting
 * Level 1.0 Short Blades
 * Level 2.6 Crossbows
 + Level 1.9 Dodging
 + Level 1.6 Stealth
 + Level 1.0 Spellcasting
 * Level 3.2 Hexes


You had 2 spell levels left.
You knew the following spells:

 Your Spells              Type           Power        Failure   Level  Hunger
a - Corona                Hex            #......      10%         1    ##.....
b - Slow                  Hex            #.......     12%         2    ###....


Dungeon Overview and Level Annotations

Branches:
Dungeon (2/15)

Altars:
Ashenzari


Innate Abilities, Weirdness & Mutations

You are resistant to torment.
Your stone body is resilient. (AC +3)
You are immune to poison.
You resist negative energy. (rN+)
You are resistant to electric shocks. (rElec)
You can survive without breathing.
You are immune to petrification.
You are immune to rotting.


Message History

The gnoll hits you but does no damage.
Firing (i - inventory):
d - 7 bolts (quivered)
Press: ? - help, Shift-Dir - straight line, f/p - gnoll
Aim: a gnoll, wielding a spear (almost dead)
You shoot a bolt. The bolt barely misses the gnoll.
The gnoll barely misses you.
The gnoll hits you from afar with a spear!
* * * LOW HITPOINT WARNING * * *
Firing (i - inventory):
d - 6 bolts (quivered)
Press: ? - help, Shift-Dir - straight line, f/p - gnoll
Aim: a gnoll, wielding a spear (almost dead)
You shoot a bolt. The bolt barely misses the gnoll.
The gnoll hits you from afar with a spear.
* * * LOW HITPOINT WARNING * * *
Firing (i - inventory):
d - 5 bolts (quivered)
Press: ? - help, Shift-Dir - straight line, f/p - gnoll
Aim: a gnoll, wielding a spear (almost dead)
You shoot a bolt. The bolt barely misses the gnoll.
The gnoll hits you from afar with a spear!
You die...

#..# #. #..##
..###. #..#.# ##..
.. #..# .# ##..#
#. #..# .#
#...###. #..#
.#.#...... ##..#
#.##......
#(.g#####.##......
#@#..gg...........
#.####.#####.#....
#.# ##.# #.#....
#)# #..# #......
#.###..# #.####.
#.##...# ###.# #.
#.#..#.......# #.
#...###.....## #.
###..#..#.#.# #.


You could see a gnoll.

Vanquished Creatures
  2 gnolls (D:2)
  2 adders (D:2)
  2 dart slugs (D:1)
  3 leopard geckos
  8 bats
  3 giant cockroaches
  6 hobgoblins
  A frilled lizard (D:1)
  6 kobolds
  5 rats
38 creatures vanquished.

Notes
Turn   | Place    | Note
-------+----------+-------------------------------------------
     0 | D:1      | AlphabetPasta the Gargoyle Arcane Marksman began the quest for the Orb.
     0 | D:1      | Reached XP level 1. HP: 12/12 MP: 2/2
    94 | D:1      | Reached XP level 2. HP: 16/16 MP: 3/3
   101 | D:1      | Learned a level 2 spell: Slow
   148 | D:1      | Reached skill level 1 in Stealth
   352 | D:1      | Found a shattered altar of Ashenzari.
   355 | D:1      | Became a worshipper of Ashenzari the Shackled
   552 | D:1      | Reached XP level 3. HP: 17/20 MP: 4/4
   847 | D:2      | Reached skill level 3 in Hexes
   971 | D:2      | HP: 1/21 [gnoll/spear (7)]
  1320 | D:2      | Reached skill level 1 in Short Blades
  1320 | D:2      | Reached XP level 4. HP: 15/26 MP: 3/5
  1542 | D:2      | Slain by a gnoll

Skill      XL: |  1  2  3 |
---------------+----------+-----
Stealth        | 1 |  1.6
Hexes          | 3 |  3.2
Short Blades   | 1 |  1.0
Fighting       | |  1.8
Crossbows      | |  2.6
Dodging        | |  1.9
Spellcasting   | |  1.0

Action                   |  1- 3 |  4- 6 || total
-------------------------+-------+-------++-------
Melee: Dagger            |    54 |    13 ||    67
 Fire: Hand crossbow     |    74 |    12 ||    86
 Cast: Slow              |     1 |     1 ||     2
  Use: Scroll            |       |     1 ||     1
 Stab: Sleeping          |     2 |       ||     2
  Eat: Chunk             |     1 |     1 ||     2
Armor: Robe              |    25 |     1 ||    26
Dodge: Dodged            |    52 |    11 ||    63
